 Dungeon Crawl Stone Soup version 0.30-a0-760-g5a9884bb7c (webtiles) character file.

Game seed: 2643766283431655248

14332 Kenran the Grappler (level 11, -1/107 (115) HPs)
             Began as a Troll Fighter on Feb 11, 2023.
             Was a Priest of Uskayaw.
             Slain by a spectral orc warlord
             ... wielding a +1 heavy great sword
             ... summoned by Nergalle
              (21 damage)
             ... on level 1 of the Lair of Beasts.
             The game lasted 00:26:49 (8102 turns).

Kenran the Grappler (Troll Fighter)                 Turns: 8102, Time: 00:26:50

HP:   -1/107 (115)  AC:  7    Str: 26    XL:     11   Next: 87%
MP:   13/13         EV: 10    Int:  4    God:    Uskayaw [***...]
Gold: 768           SH:  8    Dex: 11    Spells: 10/10 levels left

rFire   . . .      SeeInvis .      - Unarmed
rCold   . . .      Faith    +    b - +0 kite shield
rNeg    + . .      Spirit   .    n - +2 robe {Will+}
rPois   +          Reflect  .    (helmet restricted)
rElec   .          Harm     .    y - +0 cloak
rCorr   .          Rampage  .    (gloves unavailable)
Will    +....                    (boots unavailable)
Stlth   +                        s - amulet "Zaploq" {Faith +Inv rPois Regen+ Dex-2}
HPRegen 1.97/turn                B - ring of positive energy
MPRegen 0.13/turn                (no ring)

@: drained
A: large, unfitting armour, claws 3, regeneration 1, shaggy fur 1, tough skin 1
a: Renounce Religion, Evoke Invisibility, Stomp, Line Pass


You were on level 1 of the Lair of Beasts.
You worshipped Uskayaw.
Uskayaw was noncommittal.
You visited 2 branches of the dungeon, and saw 11 of its levels.
You also visited: Ossuary.

You collected 768 gold pieces.

Inventory:

Missiles
 d - 97 stones (quivered)
 j - 35 poisoned darts
 r - 14 boomerangs
 A - 3 atropa-tipped darts
 E - 5 curare-tipped darts
 G - 6 large rocks
 I - 2 throwing nets
Armour
 b - a +0 kite shield (worn)
 n - a +2 robe of willpower (worn)
 y - a +0 cloak (worn)
Jewellery
 s - the amulet "Zaploq" (around neck) {Faith +Inv rPois Regen+ Dex-2}
   (You acquired it on level 5 of the Dungeon)

   [amulet of faith]

   It allows you to gain divine favour quickly.
   Dex:       It affects your dexterity (-2).
   rPois:     It protects you from poison.
   +Inv:      It lets you turn invisible.
   Regen:     It increases your rate of health regeneration.
 B - a ring of positive energy (left claw)
 N - a ring of ice
Wands
 l - a wand of polymorph (7)
 F - a wand of flame (8)
 J - a wand of paralysis (9)
 M - a wand of iceblast (2)
Scrolls
 i - 3 scrolls of poison {!r}
 k - 9 scrolls of teleportation
 o - 2 scrolls of summoning
 p - 3 scrolls of immolation {!r}
 q - 2 scrolls of fear
 u - 4 scrolls of enchant weapon
 v - 2 scrolls of enchant armour
 w - a scroll of silence
 z - a scroll of amnesia {unknown}
 H - 2 scrolls of magic mapping {unknown}
Potions
 a - 2 potions of attraction {unknown}
 c - 3 potions of might
 e - a potion of degeneration {unknown}
 f - 8 potions of curing {@q1}
 g - 3 potions of cancellation
 h - a potion of brilliance {unknown}
 m - 2 potions of magic {unknown}
 t - 7 potions of heal wounds {@q2}
 x - a potion of lignification {unknown}
 C - 5 potions of resistance {unknown}
 D - 5 potions of flight
 K - 2 potions of invisibility {unknown}
 L - a potion of haste {unknown}


   Skills:
 - Level 9.0 Fighting
 - Level 7.0 Throwing
 - Level 6.0 Dodging
 - Level 3.0 Shields
 + Level 11.3 Unarmed Combat
 - Level 5.0 Invocations
 - Level 3.0 Evocations


You had 10 spell levels left.
You didn't know any spells.
Your spell library contained the following spells:

 Spells                   Type           Power      Damage    Failure   Level
 Ensorcelled Hibernation  Hex/Ice        0%         N/A       90%         2
 Spider Form              Tmut/Pois      0%         N/A       99%         3
 Anguish                  Hex/Necr       0%         N/A       100%        4
 Olgreb's Toxic Radiance  Pois           0%         N/A       100%        4
 Ozocubu's Refrigeration  Ice            0%         4d7       100%        7
 Ignition                 Fire           0%         3d3       100%        8


Dungeon Overview and Level Annotations

Branches:
Dungeon (10/15)            Temple (0/1) D:7            Lair (1/5) D:10
    Orc (0/2) D:10        Ossuary (visited)

Altars:
Ashenzari
Dithmenos
Hepliaklqana
Nemelex Xobeh
Uskayaw
Xom
Yredelemnul

Shops:
D:1 (   D:2 ::

Annotations:
D:8 2 transporters, krest's ghost, novice HOFi
Lair:1 Nergalle


Innate Abilities, Weirdness & Mutations

You are too large for most types of armour.
You have claws for hands.
Your natural rate of healing is unusually fast.
You are covered in fur. (AC +1)
You have tough skin. (AC +1)


Message History

You mangle the water moccasin!!
You kill the water moccasin!
No target in view!
No target in view!
Found a book of Dreams and a sling.
Found a stone staircase leading down.
You can no longer pass through a line of other dancers.
You pick up a book of Dreams and begin reading...
You add the spells Ensorcelled Hibernation, Spider Form and Anguish to your library.
Nergalle the Soulbinder comes into view.
She is wielding a +2 dagger of electrocution.
Nergalle shouts!
Nergalle points at you and mumbles some strange words.
Orcish apparitions take form around you.
You mangle the spectral orc warrior!!
You destroy the spectral orc warrior!
The spectral orc warrior disappears in a puff of smoke!
The spectral orc warlord hits you with a +1 heavy great sword!!
You partially resist.
You feel drained.
The spectral orc knight hits you with a +0 great sword!
You mangle the spectral orc warlord!!
The spectral orc warlord is moderately damaged.
The spectral orc knight hits you with a +0 great sword!
You partially resist.
You feel drained.
The spectral orc warlord hits you with a +1 heavy great sword!!!
* * * LOW HITPOINT WARNING * * *
You partially resist.
You feel drained.
* * * LOW HITPOINT WARNING * * *
You can now pass through a line of other dancers.
You mangle the spectral orc warlord!!
The spectral orc warlord is heavily damaged.
You block the spectral orc knight's attack.
Uskayaw will force your foes to helplessly watch your dance.
Uskayaw prepares the audience for your solo!
The helpless spectral orc warlord fails to defend itself.
You mangle the spectral orc warlord!!
The spectral orc warlord is severely damaged.
The spectral orc knight is no longer paralysed.
The spectral orc warlord is no longer paralysed.
The spectral orc warlord hits you with a +1 heavy great sword!!
You die...

#........ #. ##.#...# #.
#...# #.... #..## #..#.
P. ##..# #. #. #. ##.##
# ## #.####P.# #.#.###.#
#....Z@Z# #.......# ##
#......>##.##
#......)........
##...............
#................ ..
#.....#PP##....# ....
##........#....#.....
#.....#...#....#........


You could see a spectral orc knight (summoned) and a spectral orc warlord
(summoned).

Vanquished Creatures
  Fannar (D:10)
  Erolcha (D:9)
  3 two-headed ogres
  Sonja (D:10)
  Pikel (D:6)
  A manticore (D:7)
  A cyclops (D:10)
  Maurice (D:8)
  A black mamba (Lair:1)
  Maggie (D:8)
  2 trolls
  A polar bear (D:9)
  2 shadows (D:10)
  A vampire (D:9)
  A wraith (D:9)
  6 yaks (Lair:1)
  A wyvern (Lair:1)
  A fire bat (D:8)
  An unseen horror simulacrum (D:9)
  A steam dragon (D:7)
  4 water moccasins
  Duvessa (D:5)
  A sky beast (D:7)
  2 ice beasts (D:9)
  4 orc warriors
  An ogre (D:5)
  4 black bears
  3 lemures (D:6)
  4 centaurs
  2 phantoms (D:10)
  6 bullfrogs
  3 necrophages
  3 kobold brigands
  Blork the orc (D:5)
  3 elf zombies (Ossuary)
  3 scorpions
  A gnoll sergeant (D:5)
  4 wights (D:9)
  Dowan (D:5)
  14 killer bees
  3 electric eels (D:9)
  A lava snake (D:7)
  5 howler monkeys
  2 centaur zombies (Ossuary)
  A hound (D:6)
  9 orc priests
  4 jellies
  5 iguanas
  10 orc wizards
  Terence (D:2)
  6 ogre zombies (D:10)
  2 mummies (Ossuary)
  A killer bee simulacrum (D:9)
  Robin (D:2)
  9 gnolls
  7 adders
  A shadow imp (D:6)
  7 white imps
  A howler monkey simulacrum (D:9)
  An ufetubus (D:9)
  3 dart slugs
  36 orcs
  7 endoplasms
  4 giant cockroaches
  13 goblins
  5 hobgoblins
  3 jackals (D:1)
  2 quokkas
  7 ball pythons
  10 bats
  2 frilled lizards
  2 goblin skeletons (D:10)
  4 goblin zombies
  2 hobgoblin skeletons (D:10)
  15 hobgoblin zombies
  A jackal zombie (Ossuary)
  13 kobolds
  7 kobold zombies (Ossuary)
  17 orc zombies
  A rat (D:2)
  2 rat zombies (Ossuary)
327 creatures vanquished.

Vanquished Creatures (others)
  A fungus (Lair:1)
  A plant (Lair:1)
2 creatures vanquished.

Grand Total: 329 creatures vanquished

Notes
Turn   | Place    | Note
-------+----------+-------------------------------------------
     0 | D:1      | Kenran the Troll Fighter began the quest for the Orb.
     0 | D:1      | Reached XP level 1. HP: 22/22 MP: 0/0
    23 | D:1      | Found Soulo's Weapon Shoppe.
   248 | D:1      | Reached XP level 2. HP: 29/29 MP: 1/1
   437 | D:1      | Reached skill level 3 in Unarmed Combat
   741 | D:2      | Reached XP level 3. HP: 33/36 MP: 2/2
   858 | D:2      | Found Gokigi's Book Shop.
   883 | D:2      | Noticed Robin
   898 | D:2      | Reached skill level 4 in Unarmed Combat
   919 | D:2      | Killed Robin
  1007 | D:2      | Noticed Terence
  1016 | D:2      | Killed Terence
  1017 | D:2      | Reached XP level 4. HP: 42/44 MP: 3/3
  1018 | D:2      | Reached skill level 1 in Throwing
  1175 | D:2      | Found Xanlooto's Book Shoppe.
  1565 | D:3      | Noticed a centaur
  1651 | D:3      | Reached XP level 5. HP: 53/53 MP: 4/4
  2370 | D:4      | Found a shimmering altar of Xom.
  2412 | D:4      | Reached skill level 5 in Unarmed Combat
  2412 | D:4      | Reached XP level 6. HP: 52/61 MP: 5/5
  2700 | D:5      | Entered Level 5 of the Dungeon
  2720 | D:5      | Found a sand-covered staircase.
  2727 | Ossuary  | Entered an ossuary
  2986 | Ossuary  | Reached XP level 7. HP: 67/67 MP: 6/6
  3001 | Ossuary  | Reached skill level 6 in Unarmed Combat
  3209 | D:5      | Identified a scroll of acquirement
  3211 | D:5      | Acquired the amulet "Zaploq" {Faith +Inv rPois Regen+
                  | Dex-2}
  3276 | D:5      | Noticed Blork the orc
  3292 | D:5      | Killed Blork the orc
  3374 | D:5      | Identified the +0 ring mail of the Thirsty Yaks {rC+ Dex+5}
  3397 | D:5      | Found a sparkling altar of Nemelex Xobeh.
  3443 | D:5      | Reached XP level 8. HP: 78/79 MP: 7/7
  3653 | D:5      | Reached skill level 7 in Unarmed Combat
  3681 | D:5      | Noticed Duvessa
  3691 | D:5      | Killed Duvessa
  3692 | D:5      | Reached skill level 5 in Fighting
  3707 | D:5      | Noticed Dowan
  3722 | D:5      | Killed Dowan
  3744 | D:5      | Found a hide-covered altar of Uskayaw.
  3763 | D:5      | Became a worshipper of Uskayaw the Reveller
  3784 | D:5      | Reached * piety under Uskayaw
  3785 | D:5      | Reached skill level 8 in Unarmed Combat
  3964 | D:6      | Reached ** piety under Uskayaw
  3965 | D:6      | Reached *** piety under Uskayaw
  3967 | D:6      | Reached **** piety under Uskayaw
  3970 | D:6      | Reached skill level 1 in Invocations
  3970 | D:6      | Reached skill level 1 in Evocations
  4040 | D:6      | Noticed a troll
  4052 | D:6      | Killed a troll
  4142 | D:6      | Noticed Pikel
  4172 | D:6      | Killed Pikel
  4173 | D:6      | Reached XP level 9. HP: 86/89 MP: 9/9
  4304 | D:6      | Reached skill level 9 in Unarmed Combat
  4350 | D:6      | Found a hazy altar of Hepliaklqana.
  4350 | D:6      | Found a shadowy altar of Dithmenos.
  4917 | D:7      | Reached ***** piety under Uskayaw
  4939 | D:7      | Found a staircase to the Ecumenical Temple.
  5015 | D:7      | Reached skill level 5 in Throwing
  5028 | D:7      | Noticed a cyclops
  5101 | D:7      | a cyclops changed into a manticore
  5101 | D:7      | Noticed a manticore
  5109 | D:7      | Reached ****** piety under Uskayaw
  5112 | D:7      | Killed a manticore
  5113 | D:7      | Reached skill level 10 in Unarmed Combat
  5113 | D:7      | Reached XP level 10. HP: 15/98 MP: 10/10
  5603 | D:8      | You fall into a shaft and drop 2 floors!
  5603 | D:10     | Entered Level 10 of the Dungeon
  5642 | D:10     | Found a staircase to the Orcish Mines.
  5687 | D:10     | Reached skill level 11 in Unarmed Combat
  5870 | D:10     | Noticed a two-headed ogre
  5888 | D:10     | Killed a two-headed ogre
  6065 | D:10     | Found a staircase to the Lair.
  6070 | D:10     | Noticed Sonja
  6082 | D:10     | Killed Sonja
  6309 | D:10     | Noticed a cyclops
  6311 | D:10     | Noticed Fannar
  6316 | D:10     | Killed a cyclops
  6317 | D:10     | Reached skill level 5 in Dodging
  6338 | D:10     | HP: 5/100 [Fannar/bolt of cold (32)]
  6340 | D:10     | Killed Fannar
  6504 | D:9      | Reached XP level 11. HP: 103/109 MP: 11/11
  6513 | D:9      | Noticed a two-headed ogre
  6524 | D:9      | Killed a two-headed ogre
  6529 | D:9      | Noticed a two-headed ogre
  6542 | D:9      | Killed a two-headed ogre
  6807 | D:9      | Noticed Erolcha
  6814 | D:9      | Killed Erolcha
  6905 | D:9      | Identified the +1 halberd "Zilep" {flame, rPois rF+ Will+
                  | Stlth+}
  6935 | D:9      | Found a broken altar of Ashenzari.
  7172 | D:9      | Found a basalt altar of Yredelemnul.
  7375 | D:8      | Noticed Maggie
  7383 | D:8      | Killed Maggie
  7420 | D:8      | Noticed Maurice
  7426 | D:8      | Reached skill level 5 in Invocations
  7435 | D:8      | Killed Maurice
  7467 | D:8      | Found a transporter.
  7581 | D:8      | Found a transporter.
  7604 | D:8      | Noticed krest's ghost (novice HOFi)
  7880 | Lair:1   | Entered Level 1 of the Lair of Beasts
  8092 | Lair:1   | Noticed Nergalle
  8098 | Lair:1   | Noticed a spectral orc warlord
  8102 | Lair:1   | Slain by a spectral orc warlord

Illustrated notes

Levels and vault maps discovered:
D:1:      dpeg_arrival_simpleton_b, layout_loops_cross, serial_shops,
          nicolae_shop_bloodbath_and_beyond
D:2:      layout_loops_ring, serial_shops, nicolae_shop_hallway_plus, shop,
          uniq_robin, uniq_terence
D:3:      layout_loops_corners, dreamdust_wishing_well, lightli_corner_chamber
D:4:      kennysheep_big_flooded_room, layout_rooms, amcnicky_altar_gilded,
          amethyst_killhole
D:5:      layout_loops_ring, nemelex_spade_bored_becter,
          mainiacjoe_overflow_paths, lightli_ossuary_entry_decrepit_ruins,
          uniq_duvessa, uniq_blork_the_orc
D:6:      minmay_octagon_keep, layout_layer_cave,
          riverfiend_overflow_shadow_ancestor, palyth_stone_intersect,
          dk_rats_in_the_wall, uniq_pikel
D:7:      layout_rooms, minmay_temple_entry_stoned_glass,
          kennysheep_another_room, st_stairs_1, corexii_mini_fake_secret_closet,
          grunt_ministairs_10
D:8:      layout_cave_pools, gammafunk_ghost_stat_death, uniq_maurice,
          uniq_maggie
D:9:      layout_long_grid, marbit_many_paths,
          mainiacjoe_overflow_six_doors_small, serial_ice, serial_ice_d,
          serial_ice_j, serial_ice_n, serial_ice_o, serial_ice_f, serial_ice_h,
          abandoned_shop, minivault_20, reono_crystal_passage, uniq_erolcha
D:10:     layout_loops_cross, lair_entry_dummy, zombieorc1_lemuel, uniq_sonja,
          uniq_fannar
Lair:1:   layout_chaotic_city, uniq_nergalle, uniq_grum

Skill      XL: |  1  2  3  4  5  6  7  8  9 10 11 |
---------------+----------------------------------+-----
Unarmed Combat | 3 4 5 6 8 10 11 | 11.3
Shields        | 3 |  3.0
Throwing       | 1 2 3 4 5 6 7 |  7.0
Fighting       | 3 4 6 7 9 |  9.0
Dodging        | 3 4 5 6 |  6.0
Invocations    | 2 5 |  5.0
Evocations     | 2 3 |  3.0

Action                     |  1- 3 |  4- 6 |  7- 9 | 10-12 || total
---------------------------+-------+-------+-------+-------++-------
  Melee: Unarmed           |    83 |   242 |   272 |   346 ||   943
  Throw: Stone             |       |       |     3 |     3 ||     6
         Boomerang         |       |       |     3 |     3 ||     6
         Dart              |       |       |     2 |       ||     2
  Evoke: Wand              |       |       |     1 |    16 ||    17
    Use: Scroll            |       |     7 |     5 |     4 ||    16
         Potion            |       |       |     1 |     2 ||     3
   Stab: Sleeping          |       |     1 |       |       ||     1
         Paralysed         |       |       |     8 |    24 ||    32
 Armour: Robe              |    18 |    77 |    56 |    77 ||   228
  Dodge: Dodged            |    25 |    84 |    80 |   127 ||   316
  Block: Kite shield       |    34 |    90 |    99 |   128 ||   351

Table legend: (Time is in decaauts)
 A = Elapsed time spent in this place.
 B = Non-inter-level travel time spent in this place.
 C = Inter-level travel time spent in this place.
 D = Time resting spent in this place.
 E = Time spent auto-exploring this place.
 F = Levels seen in this place.
 G = Mean time per level.
                   A        B        C        D        E       F      G
               +--------+--------+--------+--------+--------+-----+--------+
         Total |   8098 |   7888 |    210 |    147 |   4241 |  12 |  674.8 |
       Dungeon |   7508 |   7298 |    210 |    118 |   4203 |  10 |  750.8 |
          Lair |    218 |    218 |      0 |     21 |     38 |   1 |  218.0 |
       Ossuary |    371 |    371 |      0 |      8 |      0 |   1 |  371.0 |
               +--------+--------+--------+--------+--------+-----+--------+

Top non-repeatable levels by time:
     D:6: 920 daAuts
    D:10: 895 daAuts
     D:5: 886 daAuts
     D:9: 847 daAuts
     D:3: 804 daAuts
     D:1: 738 daAuts
     D:7: 730 daAuts
     D:2: 716 daAuts
     D:8: 516 daAuts
     D:4: 451 daAuts
 Ossuary: 371 daAuts
  Lair:1: 218 daAuts
